Match 41025091
Unlisted

Match 41025091
End
Panzergrenadier Squad
Selects Battlefield Espionage Battlegroup
250 Light Carrier
Panzergrenadier Squad
Construct Light Support Kompanie
2.5-tonne Medical Truck
Selects Intel Disruption Beacon
Construct Mechanized Kompanie
Selects Transfer Depots
Assault Mechanized Group
Combat Half-tracks
Support Armor Elements
Veteran Squad Leaders
Selects 250/3 Funkpanzerwagen
Selects Anti-Tank Incendiary Munitions
TwistedTootsy
Hue
Yikers
◈S.A.SBro◈
Vetkin
Made in Germany
PlammX
YangXYZ
0
0

Comments sign in to comment!

No comments posted yet!